 Dungeon Crawl Stone Soup version 0.26.0-10-g1f06aea511 (webtiles) character file.

Game seed: 16292346081595289611

247 MajorAdolf the Skirmisher (level 6, 0/85 HPs)
             Began as a Naga Wanderer on Jan 17, 2021.
             Killed from afar by an orc wizard (5 damage)
             ... with a magic dart
             ... on level 3 of the Dungeon.
             The game lasted 00:03:08 (2334 turns).

MajorAdolf the Skirmisher (Naga Wanderer)           Turns: 2334, Time: 00:03:08

Health: 0/85       AC: 23    Str: 15    XL:     6   Next: 11%
Magic:  6/6        EV:  1    Int:  9    God:
Gold:   146        SH:  4    Dex: 15    Spells: 5/5 levels left

rFire    . . .     SeeInvis +   a - +2 mace
rCold    . . .     Faith    .   l - +0 buckler
rNeg     + + +     Spirit   .   (armour currently unavailable)
rPois    +         Reflect  .   (helmet currently unavailable)
rElec    .         Harm     .   (cloak currently unavailable)
rCorr    .         Rampage  .   (gloves currently unavailable)
Will     .....     NoTele   +   (no barding)
Stlth    ++........             (no amulet)
HPRegen  0.24/turn              (no ring)
MPRegen  0.10/turn              (no ring)

@: tree-form
A: large, see invisible, spit poison 1, AC +2
a: Spit Poison


You were on level 3 of the Dungeon.
You were a tree.
You visited 1 branch of the dungeon, and saw 3 of its levels.

You collected 146 gold pieces.

Inventory:

Hand Weapons
 a - a +2 mace (weapon)
 b - a +0 hand axe
Armour
 e - a +0 ring mail (melded)
 h - a +1 barding (melded)
 l - a +0 buckler (worn)
Scrolls
 f - a scroll of remove curse {unknown}
 g - 2 scrolls of teleportation {unknown}
 k - 2 scrolls of identify {unknown}
 m - a scroll of amnesia {unknown}
Potions
 i - a potion of brilliance {unknown}
 j - a potion of flight {unknown}
 n - a potion of invisibility {unknown}


   Skills:
 + Level 4.2 Fighting
 - Level 2.0 Maces & Flails
 - Level 1.0 Throwing
 + Level 3.5 Armour
 + Level 2.2 Dodging
 - Level 1.5 Stealth
 + Level 1.9 Shields


You had 5 spell levels left.
You didn't know any spells.
Your spell library was empty.

Dungeon Overview and Level Annotations

Branches:
Dungeon (3/15)

Altars:


Innate Abilities, Weirdness & Mutations

You cannot wear boots.
((Your serpentine skin is tough. (AC +2)))
You have supernaturally acute eyesight. (SInv)
((Armour fits poorly on your strangely shaped body.))
((Your system is resistant to poisons. (rPois)))
((You cover ground very slowly.))
You can spit poison.


Message History

The magic dart hits you but does no damage.
Unknown command.
You closely miss the orc wizard.
The orc wizard is heavily wounded.
The orc wizard gestures at you while chanting.
You easily resist.
The orc wizard hits you but does no damage.
You barely miss the orc wizard.
The orc wizard is severely wounded.
You have got your breath back.
The orc wizard hits you but does no damage.
You hit the orc wizard.
The orc wizard is almost dead.
The orc wizard barely misses you.
You barely miss the orc wizard.
The orc wizard is almost dead.
The orc wizard looks more healthy.
The orc wizard casts a spell at you. The magic dart hits you.
You die...

*,,,,,* *,* *,* *,***,********,*
#.# *,* *,,,,,,,,,,* #.#
*,***,********##### #.# *##
*,,,,,* #######...######.####*#..
***,*####(......#............,...
*,*#..........o......#.#**##..#
*,.......#####o##.##.#.####..#*
***##.##..* #♣##)##g.K.....##_
*,,,,*....* #>##.####.......##
**,***.###.* #.##.# #######..#
,,,,..,* #w* #.##.# ##.. **,*#***
#.* #.##.# #.# *,,,* #.** #.##.#
#.# *,,,* *,,* #.##.# #.#
**,,,******,* #.##.# #.#
,,,,,,,,***,** #.##.# ########.#


You could see an orc wizard and an orc.

Vanquished Creatures
  Sigmund (D:2)
  Natasha (D:3)
  An adder (D:3)
  An ooze (D:1)
  A worm (D:3)
  A dart slug (D:1)
  A leopard gecko (D:2)
  An orc (D:3)
  3 giant cockroaches
  7 goblins
  9 hobgoblins
  2 jackals (D:1)
  A quokka (D:2)
  A ball python (D:1)
  3 bats
  2 frilled lizards (D:1)
  3 kobolds
  6 rats
45 creatures vanquished.

Notes
Turn   | Place    | Note
-------+----------+-------------------------------------------
     0 | D:1      | MajorAdolf the Naga Wanderer began the quest for the Orb.
     0 | D:1      | MajorAdolf set off with the following items: a +2 mace, a
                  | +0 hand axe, a potion of lignification, a +0 robe
     0 | D:1      | Reached XP level 1. HP: 21/21 MP: 1/1
   298 | D:1      | Reached XP level 2. HP: 28/28 MP: 2/2
   873 | D:1      | Reached skill level 1 in Dodging
   928 | D:2      | Noticed Sigmund
   949 | D:1      | Reached XP level 3. HP: 23/34 MP: 3/3
  1565 | D:2      | Killed Sigmund
  1566 | D:2      | Reached skill level 4 in Fighting
  1566 | D:2      | Reached skill level 1 in Shields
  1566 | D:2      | Reached XP level 4. HP: 29/44 MP: 4/4
  1566 | D:2      | Reached XP level 5. HP: 33/50 MP: 5/5
  2248 | D:3      | Noticed Natasha
  2272 | D:3      | Killed Natasha
  2273 | D:3      | Reached XP level 6. HP: 34/57 MP: 6/6
  2329 | D:3      | HP: 2/57 [orc wizard/+0 dagger (3)]
  2334 | D:3      | Killed from afar by an orc wizard

Illustrated notes

Levels and vault maps discovered:
D:1:      grunt_arrival_lava_bath, layout_loops_cross
D:2:      layout_loops_ring, uniq_sigmund
D:3:      layout_loops_ring, nicolae_overflow_hidden_temple, tso_oasis_becter,
          cheibrodos_sewer_entry_sluice, kennysheep_flooded_box, uniq_natasha,
          uniq_robin

Skill      XL: |  1  2  3 |
---------------+----------+-----
Dodging        | 1 2 |  2.2
Fighting       | 4 |  4.2
Armour         | 3 |  3.5
Shields        | 1 |  1.9
Maces & Flails | |  2.0
Throwing       | |  1.0
Stealth        | |  1.5

Action                   |  1- 3 |  4- 6 || total
-------------------------+-------+-------++-------
Melee: Mace              |    78 |    50 ||   128
 Abil: Spit Poison       |     8 |     7 ||    15
  Use: Scroll            |       |     1 ||     1
       Potion            |       |     1 ||     1
 Stab: Sleeping          |       |     1 ||     1
Armor: Ring mail         |    69 |    23 ||    92
       Skin              |       |     2 ||     2
Dodge: Dodged            |    31 |    18 ||    49
Block: Buckler           |    11 |     9 ||    20
